 Dungeon Crawl Stone Soup version 0.30-a0-331-g8ab09dc110 (webtiles) character file.

Game seed: 8154327143230069632

204 koil the Trooper (level 5, -16/55 HPs)
             Began as an Ogre Cinder Acolyte on Oct 30, 2022.
             Was a High Priest of Ignis.
             Demolished by a two-headed ogre
             ... wielding a +0 giant club
              (20 damage)
             ... on level 4 of the Dungeon.
             The game lasted 00:07:55 (3171 turns).

koil the Trooper (Ogre Cinder Acolyte)              Turns: 3171, Time: 00:07:56

Health: -16/55     AC:  5    Str: 18    XL:     5   Next: 82%
Magic:  0/17       EV:  9    Int: 23    God:    Ignis [*****.]
Gold:   164        SH:  0    Dex:  4    Spells: 7/9 levels left

rFire   + . .      SeeInvis .    a - -1 hand axe (flame)
rCold   . . .      Faith    .    (no shield)
rNeg    + . .      Spirit   +    b - +0 robe
rPois   .          Reflect  .    q - +2 hat
rElec   .          Harm     +    k - scarf {repulsion}
rCorr   .          Rampage  .    (gloves unavailable)
Will    .....                    (boots unavailable)
Stlth   +.........               z - amulet of the Pure Heavens {Spirit Harm rN+ MP+9}
HPRegen 0.29/turn                y - +6 ring of intelligence
MPRegen 0.15/turn                (no ring)

@: repel missiles
A: large, unfitting armour, tough skin 1
a: Renounce Religion, Fiery Armour, Foxfire Swarm, Rising Flame


You were on level 4 of the Dungeon.
You worshipped Ignis.
Ignis was extremely pleased with you.
You visited 1 branch of the dungeon, and saw 4 of its levels.

You collected 164 gold pieces.

Inventory:

Hand Weapons
 a - a -1 hand axe of flaming (weapon)
 p - a +0 short sword
Missiles
 m - 8 poisoned darts (quivered)
Armour
 b - a +0 robe (worn)
 k - a scarf of repulsion (worn)
 q - a +2 hat (worn)
Jewellery
 y - a +6 ring of intelligence (left hand)
 z - the amulet of the Pure Heavens (around neck) {Spirit Harm rN+ MP+9}
   (You found it on level 4 of the Dungeon)

   [amulet of guardian spirit]

   It causes incoming damage to be divided between your reserves of health and
   magic.
   rN:        It protects you from negative energy.
   MP:        It affects your magic capacity (+9).
   Harm:      It increases damage dealt and taken.
Wands
 s - a wand of acid (8)
Scrolls
 c - a scroll of magic mapping {unknown}
 e - 5 scrolls of identify {unknown}
 i - a scroll of fog {unknown}
 l - 2 scrolls of enchant armour {unknown}
 o - a scroll of brand weapon {unknown}
 r - a scroll of noise {unknown}
 v - a scroll of teleportation {unknown}
 w - 2 scrolls of poison {unknown}
Potions
 d - a potion of mutation {unknown}
 f - 2 potions of berserk rage {unknown}
 g - a potion of degeneration {unknown}
 h - a potion of cancellation {unknown}
 j - 4 potions of curing {unknown}
 n - a potion of attraction {unknown}
 t - a potion of might {unknown}
 u - a potion of flight {unknown}
 x - a potion of heal wounds {unknown}


   Skills:
 + Level 4.9 Fighting
 + Level 3.7 Axes
 + Level 1.8 Dodging
 + Level 2.6 Spellcasting
 * Level 3.9 Fire Magic


You had 7 spell levels left.
You knew the following spells:

 Your Spells              Type           Power      Damage    Failure   Level
a - Scorch                Fire           42%        2d7       3%          2

Your spell library contained the following spells:

 Spells                   Type           Power      Damage    Failure   Level
 Necrotise                Necr           8%         1d4       12%         1
 Cigotuvi's Dreadful Rot  Necr/Pois/Air  4%         N/A       19%         2
 Vampiric Draining        Necr           2%         2d6       36%         3
 Dispel Undead            Necr           2%         3d7       77%         4
 Agony                    Necr           2%         N/A       98%         5
 Death Channel            Necr           1%         N/A       100%        6


Dungeon Overview and Level Annotations

Branches:
Dungeon (4/15)
 Temple: D:4-7

Altars:
Gozag
Hepliaklqana

Shops:
D:2 (   D:4 :

Annotations:
D:4 3 runed translucent doors


Innate Abilities, Weirdness & Mutations

You are too large for most types of armour.
You have tough skin. (AC +1)


Message History

Press: ? - help, Q - select action, (/) - cycle Shift-Dir - straight line, f - two-headed ogre
Aim: a two-headed ogre, wielding two +0 giant clubs (70% to hit)
You throw a poisoned dart.
The poisoned dart hits the two-headed ogre.
The two-headed ogre is poisoned.
Throw: 10 darts (poison)
Press: ? - help, Q - select action, (/) - cycle Shift-Dir - straight line, f/p - two-headed ogre
Aim: a two-headed ogre, wielding two +0 giant clubs (lightly wounded, poisoned, 70% to hit)
You throw a poisoned dart.
The poisoned dart barely misses the two-headed ogre.
The poisoned dart barely misses the ogre.
Throw: 9 darts (poison)
Press: ? - help, Q - select action, (/) - cycle Shift-Dir - straight line, f/p - two-headed ogre
Aim: a two-headed ogre, wielding two +0 giant clubs (lightly wounded, poisoned, 70% to hit)
You throw a poisoned dart.
The poisoned dart hits the two-headed ogre.
The two-headed ogre is lightly wounded.
The two-headed ogre looks more healthy.
The two-headed ogre attacks as you move away!
The two-headed ogre hits you with a +0 giant club!! x2
* * * LOW HITPOINT WARNING * * *
There is a stone staircase leading down here.
The orc shouts!
The bullfrog croaks.
A kobold comes into view. It is wielding a +0 club.
Found a smoky purple potion.
The kobold shouts!
You closely miss the kobold. The kobold hits you with a +0 club.
You hit the kobold but do no damage. You hit the two-headed ogre.
You burn the two-headed ogre.
The two-headed ogre hits you with a +0 giant club!!
* * * LOW HITPOINT WARNING * * *
The two-headed ogre hits you with a +0 giant club!
* * * LOW HITPOINT WARNING * * *
The kobold hits you but does no damage.
You hit the kobold. You burn the kobold.
You kill the kobold!
You hit the two-headed ogre but do no damage.
The two-headed ogre hits you with a +0 giant club!!
You die...

###### #|....(#.#.
##....# #8....8#.#.
#..#######8o.8##.#.
##
#.##.#)'.##++##..#.
!..
#†#.#..#...........
#..
#)####.#..#.#######
#..##....##........#
#..######..##.###.#
#.)@OO.......# #.#
#####.....#### #O#
####### #.# #.# #.#
#.# #.# #.### #...O


You could see a two-headed ogre and an ogre.

Vanquished Creatures
  A howler monkey (D:4)
  A hound (D:4)
  Jessica (D:3)
  Terence (D:3)
  2 adders
  A worm (D:2)
  2 dart slugs
  An orc (D:4)
  8 bats
  2 endoplasms
  4 giant cockroaches
  5 goblins
  5 hobgoblins
  5 jackals
  3 quokkas
  4 ball pythons
  5 frilled lizards
  3 kobolds
  2 rats
56 creatures vanquished.

Notes
Turn   | Place    | Note
-------+----------+-------------------------------------------
     0 | D:1      | koil the Ogre Cinder Acolyte began the quest for the Orb.
     0 | D:1      | Reached XP level 1. HP: 24/24 MP: 2/2
   202 | D:1      | Reached XP level 2. HP: 32/32 MP: 4/4
   205 | D:1      | Learned a level 2 spell: Scorch
  1035 | D:2      | Found Tiruufryre's Antique Weapon Shoppe.
  1067 | D:2      | Reached XP level 3. HP: 39/39 MP: 5/5
  1301 | D:2      | Found a hazy altar of Hepliaklqana.
  1329 | D:2      | Reached skill level 1 in Dodging
  1466 | D:2      | Found a faded altar of an unknown god.
  1592 | D:3      | Noticed Jessica
  1605 | D:3      | Killed Jessica
  1606 | D:3      | Reached XP level 4. HP: 17/49 MP: 0/7
  1739 | D:3      | Found an opulent altar of Gozag.
  2189 | D:3      | Noticed Terence
  2203 | D:3      | Killed Terence
  2204 | D:3      | Reached XP level 5. HP: 28/55 MP: 2/8
  2674 | D:4      | Found a large runed translucent door.
  2718 | D:4      | Found Juaqu's Book Boutique.
  2726 | D:4      | Found a large runed translucent door.
  2726 | D:4      | Found a large runed translucent door.
  2855 | D:4      | Identified the amulet of the Pure Heavens {Spirit Harm rN+
                  | MP+9}
  3073 | D:4      | Noticed a two-headed ogre
  3074 | D:4      | Noticed an ogre
  3171 | D:4      | Demolished by a two-headed ogre

Illustrated notes

Levels and vault maps discovered:
D:1:      dpeg_arrival_rooms_with_view, layout_loops_corners, minmay_cut_off
D:2:      layout_rooms, serial_shops, shop,
          dreamdust_ecumenical_altar_hidden_monk_grotto, basic_altar
D:3:      layout_basic, nicolae_overflow_hidden_temple, minmay_bisected,
          uniq_jessica, uniq_terence
D:4:      layout_basic, serial_shops, shop, minmay_hollow_rounded_squares

Skill      XL: |  1  2  3 |
---------------+----------+-----
Fire Magic     | 3 |  3.9
Dodging        | 1 |  1.8
Spellcasting   | 2 |  2.6
Fighting       | |  4.9
Axes           | |  3.7

Action                   |  1- 3 |  4- 6 || total
-------------------------+-------+-------++-------
Melee: Hand axe          |   126 |    75 ||   201
       Punch             |     1 |       ||     1
Throw: Dart              |       |     3 ||     3
 Cast: Scorch            |     4 |     6 ||    10
Armor: Robe              |    39 |    23 ||    62
Dodge: Dodged            |    60 |    39 ||    99
       Repelled          |     1 |       ||     1

Table legend: (Time is in decaauts)
 A = Elapsed time spent in this place.
 B = Non-inter-level travel time spent in this place.
 C = Inter-level travel time spent in this place.
 D = Time resting spent in this place.
 E = Time spent auto-exploring this place.
 F = Levels seen in this place.
 G = Mean time per level.
                   A        B        C        D        E       F      G
               +--------+--------+--------+--------+--------+-----+--------+
         Total |   3198 |   3122 |     76 |    201 |   2346 |   4 |  799.5 |
       Dungeon |   3198 |   3122 |     76 |    201 |   2346 |   4 |  799.5 |
               +--------+--------+--------+--------+--------+-----+--------+

Top non-repeatable levels by time:
     D:3: 1071 daAuts
     D:1: 1011 daAuts
     D:2: 578 daAuts
     D:4: 536 daAuts
